 Dungeon Crawl Stone Soup version 0.22-a0-246-gdc04c06 (webtiles) character file.

33237 wolfsongas the Basher (level 13, -1/101 HPs)
             Began as a Gnoll Wanderer on Feb 23, 2018.
             Was an Initiate of Gozag.
             Slain by a swamp worm (12 damage)
             ... on level 3 of the Lair of Beasts.
             The game lasted 00:53:49 (17759 turns).

wolfsongas the Basher (Gnoll Wanderer)             Turns: 17759, Time: 00:53:50

Health: -1/101     AC: 25    Str: 21    XL:     13   Next: 69%
Magic:  24/24      EV: 20    Int: 13    God:    Gozag
Gold:   300        SH:  0    Dex: 24    Spells: 25/31 levels left

rFire    + + .     SeeInvis .   F - +6 executioner's axe (freeze)
rCold    + . .     Gourm    .   (shield currently unavailable)
rNeg     + . .     Faith    .   w - +2 chain mail {rF+}
rPois    +         Spirit   .   p - +1 helmet
rElec    +         Reflect  .   u - +1 cloak "Kuliuhihe" {Slay+2}
rCorr    +         Harm     .   r - +0 pair of gloves
MR       +....                  (no boots)
Stlth    ++........             q - amulet of regeneration
HPRegen  0.66/turn              D - ring "Ogustyc" {rPois rN+ MR+ Dex+3 Stlth+}
MPRegen  0.19/turn              v - +4 ring of protection

@: mighty, agile, resistant, invisible, very slow
A: distributed training, fangs 1, molten scales 1, dopey 1, low mp 1, weak 1,
wild magic 1, sturdy frame 1, strong nose
a: Potion Petition, Call Merchant, Bribe Branch, Renounce Religion


You were on level 3 of the Lair of Beasts.
You worshipped Gozag.
Gozag was aware of your devotion.
You were not hungry.

You visited 2 branches of the dungeon, and saw 16 of its levels.
You also visited: Ice Cave.

You collected 3777 gold pieces.
You spent 2691 gold pieces at shops.
You paid 786 gold pieces to Gozag.

Inventory:

Hand Weapons
 a - the +6 arbalest "Damnation" {damnation}
   (You bought it in a shop on level 8 of the Dungeon)
 b - a +6 rapier of electrocution
 F - a +6 executioner's axe of freezing (weapon)
Missiles
 m - 2 bolts
Armour
 l - the +1 leather armour "Jibutadd" {rElec rPois Str+4}
   (You found it on level 3 of the Lair of Beasts)

   It affects your strength (+4).
   It insulates you from electricity.
   It protects you from poison.
 p - a +1 helmet (worn)
 r - a +0 pair of gloves (worn)
 t - a +0 plate armour
 u - the +1 cloak "Kuliuhihe" (worn) {Slay+2}
   (You found it on level 1 of the Lair of Beasts)

   It affects your accuracy and damage with ranged weapons and melee attacks
   (+2).
 w - a +2 chain mail of fire resistance (worn)
 x - a +2 shield
Jewellery
 h - an uncursed ring of flight
 q - an amulet of regeneration (around neck)
 v - a +4 ring of protection (right hand)
 y - an uncursed ring of wizardry
 D - the ring "Ogustyc" (left hand) {rPois rN+ MR+ Dex+3 Stlth+}
   (You bought it in a shop on level 11 of the Dungeon)

   [ring of positive energy]

   It affects your dexterity (+3).
   It protects you from poison.
   It protects you from negative energy.
   It affects your resistance to hostile enchantments.
   It makes you more stealthy.
Wands
 i - a wand of iceblast (14)
 s - a wand of disintegration (32)
Scrolls
 d - 5 scrolls of teleportation
 k - 8 scrolls of remove curse
 o - a scroll of summoning
 A - 3 scrolls of fear
 B - a scroll of magic mapping
 C - a scroll of fog
 K - a scroll of amnesia
Potions
 c - a potion of haste
 f - 4 potions of curing
 g - a potion of might
 j - a potion of brilliance
 n - a potion of ambrosia
 z - 6 potions of flight
 E - a potion of resistance
 G - a potion of lignification
 I - a potion of heal wounds
 J - a potion of magic
Miscellaneous
 H - a lightning rod (4/4)
Comestibles
 e - 32 rations


   Skills:
 + Level 9.6 Fighting
 + Level 8.4 Short Blades
 + Level 8.4 Long Blades
 + Level 8.4 Axes
 + Level 10.5 Maces & Flails
 + Level 8.4 Polearms
 + Level 8.4 Staves
 + Level 8.4 Slings
 + Level 8.4 Bows
 + Level 8.4 Crossbows
 + Level 8.4 Throwing
 + Level 8.4 Armour
 + Level 8.4 Dodging
 + Level 8.4 Stealth
 + Level 8.8 Shields
 + Level 8.4 Unarmed Combat
 + Level 9.8 Spellcasting
 + Level 7.0 Conjurations
 + Level 7.0 Hexes
 + Level 7.3 Charms
 + Level 7.0 Summonings
 + Level 7.0 Necromancy
 + Level 7.0 Translocations
 + Level 7.0 Transmutations
 + Level 7.0 Fire Magic
 + Level 7.0 Ice Magic
 + Level 7.0 Air Magic
 + Level 7.0 Earth Magic
 + Level 7.0 Poison Magic
 + Level 9.1 Invocations
 + Level 8.8 Evocations


You had 25 spell levels left.
You knew the following spells:

 Your Spells              Type           Power        Failure   Level  Hunger
a - Magic Dart            Conj           ####         4%          1    None
b - Conjure Flame         Conj/Fire      ####....     13%         3    ##.....
c - Blink                 Tloc           N/A          7%          2    None


Dungeon Overview and Level Annotations

Branches:
Dungeon (13/15)            Temple (0/1) D:6            Lair (3/6) D:10
 Shoals (0/4) Lair:2        Snake (0/4) Lair:3          Orc (0/2) D:11
 Vaults: D:13-14

Altars:
Cheibriados
Fedhas
Gozag
Nemelex Xobeh
Ru
Sif Muna
Uskayaw
Xom
Yredelemnul
The Shining One

Shops:
D:6 (   D:8 (   D:11 *?:=


Innate Abilities, Weirdness & Mutations

Your experience applies equally to all skills.
You have very sharp teeth.
Your uncanny sense of smell can sniff out nearby items.
You are partially covered in molten scales. (AC +2)
You are dopey. (Int -2)
Your magical capacity is low. (-10% MP)
You are weak. (Str -2)
Your spells are a little harder to cast, but a little more powerful.
Your movements are slightly less encumbered by armour. (ER -2)


Message History

Your bite misses the swamp worm.
The swamp worm is heavily wounded.
You hit the swamp worm. You freeze the swamp worm.
You closely miss the swamp worm. The swamp worm closely misses you.
The swamp worm bites you. The swamp worm bites you!
The swamp worm barely misses you. The swamp worm bites you!
* * * LOW HITPOINT WARNING * * *
The swamp worm bites you!
* * * LOW HITPOINT WARNING * * *
[a] - 624 gold - haste, flight, curing and magic [b] - 702 gold - invisibility, agility, resistance and might [c] - 374 gold - haste, agility and flight Purchase which effect?
You no longer have enough gold to petition Gozag for potion effects.
You no longer have enough gold to fund merchants seeking to open stores in the dungeon.
You fade into invisibility!
You feel agile all of a sudden.
You feel protected.
You feel very mighty all of a sudden. The swamp worm misses you.
The swamp worm bites you!
You die...
Your body crumbles into a pile of gold.

# ##.....P####P.................
# #....#...+.##........+.##.....
# #..#.....P.#..........####....
## +.........##........## #P....
.. #...P#...≈≈≈≈≈≈≈....# ##.<.. ∆
#....>P≈≈≈≈≈≈≈≈≈≈≈..## #.....
#...≈≈≈#######≈≈≈..# #.....
#.≈≈≈#≈≈$$≈##≈≈.## ######
#####'≈≈≈≈≈≈@w≈(#≈≈.## #
#.....≈≈≈#≈≈ww≈##≈≈..#
##..#.≈≈≈#######≈≈≈### #
##.+.#≈≈≈≈≈≈≈≈≈≈≈≈≈.# ######
####.......##≈≈≈≈≈≈≈...## #P.#..
..#.#.......#≈≈..##.....####.....
....+.......#...##......#.##..#..
#####......+.....#P....+.....#...
# .......#P######....##P...##..


You could see 3 swamp worms.

Vanquished Creatures
  Fannar (D:10)
  Erolcha (D:9)
  2 hydras
  4 two-headed ogres
  Sonja (D:12)
  Nergalle (D:11)
  The ghost of Barbarella the Basher, a novice GrFi of Okawaru (D:7)
  3 skeletal warriors (D:12)
  A manticore (D:11)
  4 elephants (Lair:2)
  6 ugly things
  Maurice (D:12)
  Joseph (D:9)
  A black mamba (Lair:1)
  2 centaur skeletons
  A gargoyle (D:11)
  3 ice statues (IceCv)
  Psyche (D:9)
  2 komodo dragons
  5 trolls
  4 blink frogs (Lair:3)
  4 hornets
  3 slime creatures (D:12)
  3 hippogriffs
  A vampire (D:10)
  Eustachio (D:5)
  3 wraiths
  3 yaks (Lair:1)
  The ghost of arthad the Skirmisher, an amateur DsMo of Cheibriados (D:4)
  A steam dragon (D:5)
  The ghost of aubilenon the Changer, an amateur OpTm (D:3)
  2 vampire mosquitoes (D:12)
  4 nagas (Lair:3)
  2 swamp worms (Lair:3)
  6 water moccasins
  3 porcupines (Lair:2)
  9 orc warriors
  7 ice beasts
  A black bear (D:8)
  9 ogres
  A necrophage (D:9)
  6 wolves (Lair:1)
  5 centaurs
  7 crocodiles
  3 big kobolds
  Blork the orc (D:4)
  12 bullfrogs
  An elf zombie (D:11)
  2 wyvern zombies
  6 gnoll sergeants
  A wyvern skeleton (D:7)
  2 scorpions
  21 killer bees
  17 wights
  3 howler monkeys
  7 jellies
  7 crimson imps
  2 bullfrog zombies
  A quasit (D:9)
  2 centaur zombies
  10 hounds
  3 human zombies (D:11)
  3 orc priests
  A bullfrog skeleton (D:12)
  A gnoll shaman (D:7)
  Crazy Yiuf (D:6)
  3 human skeletons (D:11)
  An iguana (D:8)
  11 orc wizards
  7 worker ants
  A hound skeleton (D:4)
  A hound zombie (D:6)
  A mummy (D:9)
  A howler monkey zombie (D:9)
  Robin (D:2)
  9 adders
  15 gnolls
  3 shadow imps
  A white imp (D:6)
  2 oozes (D:3)
  An adder skeleton (D:4)
  An adder zombie (D:9)
  18 worms
  A dart slug (D:1)
  4 leopard geckos
  38 orcs
  A ball python (D:5)
  2 giant cockroaches
  15 goblins
  15 hobgoblins
  14 jackals
  6 quokkas
  6 bats
  4 frilled lizards
  2 goblin skeletons (D:6)
  6 hobgoblin zombies (D:6)
  13 kobolds
  A kobold zombie (D:6)
  An orc skeleton (D:6)
  An orc zombie (D:6)
  3 rats
  4 plants
450 creatures vanquished.

Vanquished Creatures (collateral kills)
  3 killer bees (D:12)
3 creatures vanquished.

Vanquished Creatures (others)
  An orc wizard (D:4)
  2 orcs (D:5)
  A plant (Lair:3)
4 creatures vanquished.

Grand Total: 457 creatures vanquished

Notes
Turn   | Place    | Note
-------+----------+-------------------------------------------
     0 | D:1      | wolfsongas the Gnoll Wanderer began the quest for the Orb.
     0 | D:1      | wolfsongas set off with: a ration, a +0 shortbow, 27 arrows, a scroll of teleportation, a +0 robe
     0 | D:1      | Reached XP level 1. HP: 20/20 MP: 6/6
   196 | D:1      | Learned a level 1 spell: Magic Dart
   205 | D:1      | Reached XP level 2. HP: 24/26 MP: 4/7
   934 | D:2      | Found a hide-covered altar of Uskayaw.
  1026 | D:2      | Reached XP level 3. HP: 31/31 MP: 9/9
  1091 | D:2      | Reached skill level 5 in Spellcasting
  1166 | D:2      | Reached skill level 1 in Invocations
  1471 | D:2      | Found a sparkling altar of Nemelex Xobeh.
  1537 | D:2      | Reached skill level 1 in Short Blades
  1537 | D:2      | Reached skill level 1 in Long Blades
  1537 | D:2      | Reached skill level 1 in Axes
  1537 | D:2      | Reached skill level 1 in Polearms
  1537 | D:2      | Reached skill level 1 in Staves
  1537 | D:2      | Reached skill level 1 in Slings
  1537 | D:2      | Reached skill level 1 in Bows
  1537 | D:2      | Reached skill level 1 in Crossbows
  1537 | D:2      | Reached skill level 1 in Throwing
  1537 | D:2      | Reached skill level 1 in Armour
  1537 | D:2      | Reached skill level 1 in Dodging
  1537 | D:2      | Reached skill level 1 in Stealth
  1537 | D:2      | Reached skill level 1 in Unarmed Combat
  1542 | D:2      | Noticed Robin
  1550 | D:2      | Killed Robin
  1550 | D:2      | Reached XP level 4. HP: 21/38 MP: 11/11
  2344 | D:3      | Noticed aubilenon's ghost (amateur OpTm)
  2386 | D:3      | Killed aubilenon's ghost
  2386 | D:3      | Reached skill level 1 in Conjurations
  2386 | D:3      | Reached skill level 1 in Hexes
  2386 | D:3      | Reached skill level 1 in Summonings
  2386 | D:3      | Reached skill level 1 in Necromancy
  2386 | D:3      | Reached skill level 1 in Translocations
  2386 | D:3      | Reached skill level 1 in Transmutations
  2386 | D:3      | Reached skill level 1 in Fire Magic
  2386 | D:3      | Reached skill level 1 in Ice Magic
  2386 | D:3      | Reached skill level 1 in Air Magic
  2386 | D:3      | Reached skill level 1 in Earth Magic
  2386 | D:3      | Reached skill level 1 in Poison Magic
  2386 | D:3      | Reached XP level 5. HP: 26/43 MP: 2/12
  2924 | D:3      | Reached XP level 6. HP: 50/50 MP: 13/13
  3014 | D:3      | Found a faded altar of an unknown god.
  3910 | D:4      | Noticed arthad's ghost (amateur DsMo)
  3943 | D:4      | Killed arthad's ghost
  3943 | D:4      | Reached skill level 5 in Fighting
  3993 | D:4      | Reached XP level 7. HP: 56/56 MP: 15/15
  4512 | D:4      | Reached skill level 7 in Maces & Flails
  4732 | D:4      | Gained mutation: Your movements are slightly less encumbered by armour. (ER -2) [potion of mutation]
  4732 | D:4      | Gained mutation: You are partially covered in rugged brown scales. (AC +1, +3% HP) [potion of mutation]
  4732 | D:4      | Gained mutation: You have large cloven feet. [potion of mutation]
  4732 | D:4      | Gained mutation: You are partially covered in molten scales. (AC +2) [potion of mutation]
  4784 | D:4      | Noticed Blork the orc
  4804 | D:4      | Killed Blork the orc
  5111 | D:4      | Found a snail-covered altar of Cheibriados.
  5177 | D:4      | Found a deep blue altar of Sif Muna.
  5191 | D:4      | Reached XP level 8. HP: 35/64 MP: 16/16
  5530 | D:5      | Entered Level 5 of the Dungeon
  5748 | D:5      | Noticed Eustachio
  5766 | D:5      | Killed Eustachio
  5885 | D:5      | Found an opulent altar of Gozag.
  5893 | D:5      | Became a worshipper of Gozag Ym Sagoz the Greedy
  6048 | D:5      | Found a blossoming altar of Fedhas.
  6476 | D:6      | Found Feadugh's Antique Weapon Shoppe.
  6494 | D:6      | Learned a level 3 spell: Conjure Flame
  6527 | D:6      | Bought a glowing hunting sling for 135 gold pieces
  6668 | D:6      | Found a staircase to the Ecumenical Temple.
  6694 | D:6      | Reached XP level 9. HP: 54/71 MP: 12/18
  7007 | D:6      | Found a glowing golden altar of the Shining One.
  7164 | D:6      | Found a runed door.
  7168 | D:6      | Noticed Crazy Yiuf
  7175 | D:6      | Killed Crazy Yiuf
  7936 | D:7      | Found a sacrificial altar of Ru.
  8077 | D:7      | Noticed Barbarella's ghost (novice GrFi)
  8250 | D:7      | Killed Barbarella's ghost
  8250 | D:7      | Reached skill level 8 in Maces & Flails
  8250 | D:7      | Reached skill level 5 in Shields
  8250 | D:7      | Reached skill level 5 in Evocations
  8337 | D:7      | Reached skill level 5 in Invocations
  8494 | D:7      | Reached XP level 10. HP: 79/79 MP: 18/20
  8764 | D:7      | Lost mutation: You are partially covered in rugged brown scales. (AC +1, +3% HP) [potion of mutation]
  8764 | D:7      | Lost mutation: You have large cloven feet. [potion of mutation]
  8764 | D:7      | Gained mutation: You are weak. (Str -2) [potion of mutation]
  8764 | D:7      | Gained mutation: Your magical capacity is low. (-10% MP) [potion of mutation]
  8764 | D:7      | Gained mutation: You are dopey. (Int -2) [potion of mutation]
  8764 | D:7      | Gained mutation: Your spells are a little harder to cast, but a little more powerful. [potion of mutation]
  9213 | D:8      | Reached skill level 5 in Short Blades
  9213 | D:8      | Reached skill level 5 in Long Blades
  9213 | D:8      | Reached skill level 5 in Axes
  9213 | D:8      | Reached skill level 5 in Polearms
  9213 | D:8      | Reached skill level 5 in Staves
  9213 | D:8      | Reached skill level 5 in Slings
  9213 | D:8      | Reached skill level 5 in Bows
  9213 | D:8      | Reached skill level 5 in Crossbows
  9213 | D:8      | Reached skill level 5 in Throwing
  9213 | D:8      | Reached skill level 5 in Armour
  9213 | D:8      | Reached skill level 5 in Dodging
  9213 | D:8      | Reached skill level 5 in Stealth
  9213 | D:8      | Reached skill level 5 in Unarmed Combat
  9653 | D:8      | Found Umophyrch's Weapon Emporium.
  9656 | D:8      | Bought the +6 arbalest "Damnation" {damnation} for 880 gold pieces
  9656 | D:8      | Found the +6 arbalest "Damnation" {damnation}
  9668 | D:8      | Bought 8 bolts for 17 gold pieces
 10182 | D:9      | Noticed Joseph
 10184 | D:9      | Killed Joseph
 10459 | D:9      | Reached skill level 5 in Charms
 10577 | D:9      | Noticed Psyche
 10579 | D:9      | Killed Psyche
 10611 | D:9      | Noticed a two-headed ogre
 10615 | D:9      | Killed a two-headed ogre
 10634 | D:9      | Noticed Erolcha
 10638 | D:9      | Killed Erolcha
 10638 | D:9      | Reached XP level 11. HP: 84/84 MP: 20/20
 10964 | D:9      | Found a shimmering altar of Xom.
 11000 | D:10     | Entered Level 10 of the Dungeon
 11306 | D:10     | Learned a level 2 spell: Blink
 11323 | D:10     | Noticed Fannar
 11334 | D:10     | Killed Fannar
 11334 | D:10     | Reached skill level 9 in Maces & Flails
 11334 | D:10     | Reached skill level 5 in Conjurations
 11334 | D:10     | Reached skill level 5 in Hexes
 11334 | D:10     | Reached skill level 5 in Summonings
 11334 | D:10     | Reached skill level 5 in Necromancy
 11334 | D:10     | Reached skill level 5 in Translocations
 11334 | D:10     | Reached skill level 5 in Transmutations
 11334 | D:10     | Reached skill level 5 in Fire Magic
 11334 | D:10     | Reached skill level 5 in Ice Magic
 11334 | D:10     | Reached skill level 5 in Air Magic
 11334 | D:10     | Reached skill level 5 in Earth Magic
 11334 | D:10     | Reached skill level 5 in Poison Magic
 11350 | D:10     | Found a staircase to the Lair.
 11701 | D:11     | Noticed Nergalle
 11704 | D:11     | Killed Nergalle
 11720 | D:11     | Noticed a white ugly thing
 11943 | D:11     | Found Apraj's Assorted Antiques.
 11943 | D:11     | Noticed a manticore
 11946 | D:11     | Killed a manticore
 11956 | D:11     | Bought a scroll of identify for 74 gold pieces
 11956 | D:11     | Bought a fuming coppery potion for 33 gold pieces
 12301 | D:11     | Found a basalt altar of Yredelemnul.
 12437 | D:11     | Found Zazayclu's Book Emporium.
 12447 | D:11     | Noticed a cyan ugly thing
 12460 | D:11     | Found Okkeu's Jewellery Shoppe.
 12463 | D:11     | Killed a cyan ugly thing
 12478 | D:11     | Killed a purple ugly thing
 12661 | D:11     | Bought the ring "Ogustyc" {rPois rN+ MR+ Dex+3 Stlth+} for 688 gold pieces
 12830 | D:11     | Noticed a purple ugly thing
 12837 | D:11     | Noticed a two-headed ogre
 12867 | D:11     | Killed a brown ugly thing
 12872 | D:11     | Killed a two-headed ogre
 12872 | D:11     | Reached XP level 12. HP: 82/93 MP: 22/22
 13097 | D:11     | Found a staircase to the Orcish Mines.
 13375 | D:11     | Found Lywof's Magic Scroll Boutique.
 13656 | D:12     | Found a frozen archway.
 13684 | D:12     | Noticed Maurice
 13687 | D:12     | Noticed Sonja
 13692 | IceCv    | Entered an ice cave
 14180 | IceCv    | Got an ancient spear
 14234 | D:12     | Killed Maurice
 14252 | D:12     | Killed Sonja
 14438 | D:12     | Reached skill level 10 in Maces & Flails
 14786 | D:12     | Reached XP level 13. HP: 101/101 MP: 23/23
 15488 | Lair:1   | Entered Level 1 of the Lair of Beasts
 15879 | Lair:1   | Got a spiked cloak
 15890 | Lair:1   | Identified the +1 cloak "Kuliuhihe" {Slay+2} (You found it on level 1 of the Lair of Beasts)
 16135 | Lair:2   | Found a staircase to the Shoals.
 17034 | D:11     | Bought a scroll of acquirement for 832 gold pieces
 17055 | D:11     | Bought a scroll of identify for 32 gold pieces
 17582 | Lair:3   | Found a staircase to the Snake Pit.
 17584 | Lair:3   | Got a jewelled leather armour
 17595 | Lair:3   | Identified the +1 leather armour "Jibutadd" {rElec rPois Str+4} (You found it on level 3 of the Lair of Beasts)
 17759 | Lair:3   | Slain by a swamp worm

Vault maps used:
D:1:      minmay_arrival_solitary_statue
D:2:      nicolae_overflow_crystal_walls, eat_drink_and_be_merry_uskayaw,
          uniq_robin
D:3:      first_ration, chequers_ecumenical_altar_island
D:4:      kennysheep_mini, led_sif_book, uniq_blork_the_orc
D:5:      fedhas_altar_fruit_tree, minmay_hedge_maze, grunt_gozag_statues,
          uniq_eustachio
D:6:      nicolae_tso_besieged_by_evil, minmay_temple_entry_from_below_a,
          serial_shops, shop, uniq_crazy_yiuf_cottage
D:7:      kennysheep_housing_project, nicolae_ru_path_of_blood,
          minmay_splitting_lines
D:8:      serial_shops, kennysheep_mini_moat
D:9:      nicolae_overflow_hidden_temple, serial_undead, serial_undead_d,
          serial_undead_e, serial_undead_d, serial_undead_a, uniq_joseph,
          uniq_erolcha, uniq_psyche
D:10:     lair_entry_dummy, uniq_fannar
D:11:     kennysheep_orc_monster_closet_entryway, serial_shops,
          nicolae_shop_stone, shop, nicolae_shop_waterfront,
          nicolae_shop_crystal, lemuel_mausoleum_altar_yredelemnul,
          uniq_nergalle
D:12:     portal_ice_cave_entry_pillars_1, hangedman_pestilent_swarm,
          uniq_maurice, uniq_sonja
D:13:     grunt_vaults_entry_tiered, basic_altar
Lair:2:   elwin_shoals_entry_rocks
Lair:3:   minmay_snake_entry_guardpost_small, worms_lemuel
IceCv:    ice_cave_statue_garden_chambered

Skill      XL: |  1  2  3  4  5  6  7  8  9 10 11 12 13 |
---------------+----------------------------------------+-----
Charms         | 2 3 4 5 6 7 |  7.3
Spellcasting   | 5 6 7 8 9 |  9.8
Invocations    | 1 2 3 4 5 6 7 8 9 |  9.1
Short Blades   | 1 2 3 4 5 6 7 8 |  8.4
Long Blades    | 1 2 3 4 5 6 7 8 |  8.4
Axes           | 1 2 3 4 5 6 7 8 |  8.4
Polearms       | 1 2 3 4 5 6 7 8 |  8.4
Staves         | 1 2 3 4 5 6 7 8 |  8.4
Slings         | 1 2 3 4 5 6 7 8 |  8.4
Bows           | 1 2 3 4 5 6 7 8 |  8.4
Crossbows      | 1 2 3 4 5 6 7 8 |  8.4
Throwing       | 1 2 3 4 5 6 7 8 |  8.4
Armour         | 1 2 3 4 5 6 7 8 |  8.4
Dodging        | 1 2 3 4 5 6 7 8 |  8.4
Stealth        | 1 2 3 4 5 6 7 8 |  8.4
Unarmed Combat | 1 2 3 4 5 6 7 8 |  8.4
Shields        | 3 4 5 6 7 8 |  8.8
Conjurations   | 1 2 3 4 5 6 7 |  7.0
Hexes          | 1 2 3 4 5 6 7 |  7.0
Summonings     | 1 2 3 4 5 6 7 |  7.0
Necromancy     | 1 2 3 4 5 6 7 |  7.0
Translocations | 1 2 3 4 5 6 7 |  7.0
Transmutations | 1 2 3 4 5 6 7 |  7.0
Fire Magic     | 1 2 3 4 5 6 7 |  7.0
Ice Magic      | 1 2 3 4 5 6 7 |  7.0
Air Magic      | 1 2 3 4 5 6 7 |  7.0
Earth Magic    | 1 2 3 4 5 6 7 |  7.0
Poison Magic   | 1 2 3 4 5 6 7 |  7.0
Evocations     | 3 4 5 6 7 8 |  8.8
Fighting       | 5 6 7 8 9 |  9.6
Maces & Flails | 7 8 9 10 | 10.5

Action                   |  1- 3 |  4- 6 |  7- 9 | 10-12 | 13-15 || total
-------------------------+-------+-------+-------+-------+-------++-------
Melee: Unarmed           |     1 |     6 |       |       |       ||     7
       Mace              |       |    30 |    42 |       |       ||    72
       Bite              |       |     1 |     9 |    98 |    28 ||   136
       Kick              |       |       |    32 |     6 |       ||    38
       Rapier            |       |       |    57 |   836 |    24 ||   917
       Punch             |       |       |     1 |    14 |       ||    15
       Executioner's axe |       |       |       |       |   215 ||   215
 Fire: Shortbow          |    23 |     4 |       |       |       ||    27
       Hunting sling     |    89 |   176 |   377 |    15 |       ||   657
       Blowgun           |       |     4 |    51 |       |       ||    55
       Arbalest          |       |       |       |    58 |     7 ||    65
Throw: Tomahawk          |       |     5 |       |       |       ||     5
       Stone             |       |     1 |       |       |       ||     1
 Cast: Magic Dart        |     8 |    17 |    11 |    11 |       ||    47
       Conjure Flame     |       |       |     6 |       |       ||     6
       Blink             |       |       |       |     6 |       ||     6
Invok: Potion Petition   |       |       |       |       |     2 ||     2
  Use: Scroll            |     2 |     5 |     8 |    16 |     5 ||    36
       Potion            |     1 |     3 |     7 |     6 |     4 ||    21
 Stab: Sleeping          |       |       |     2 |     2 |       ||     4
       Distracted        |       |       |       |     3 |     1 ||     4
       Invisible         |       |       |       |     2 |       ||     2
  Eat: Ration            |     1 |     2 |     3 |     7 |     3 ||    16
       Chunk             |     1 |     1 |       |       |       ||     2
Armor: Robe              |     3 |       |       |       |       ||     3
       Ring mail         |     8 |    61 |   126 |    38 |       ||   233
       Skin              |       |    31 |    65 |     3 |       ||    99
       Chain mail        |       |       |       |   468 |    37 ||   505
       Plate armour      |       |       |       |       |   191 ||   191
Dodge: Dodged            |    27 |   108 |   187 |   432 |   193 ||   947
Block: Buckler           |       |       |       |   130 |       ||   130

Table legend:
 A = Spawn XP
 B = Non-spawn XP
 C = Spawn XP percentage of total XP
 D = Spawn monster count
 E = Non-spawn monster count
 F = Spawn count percentage of total count
 G = Total turns spent on level
                    A         B        C        D         E        F      G
               +---------+---------+-------+---------+---------+-------+---------
         Total |       0 |   47482 |   0.0 |       0 |     450 |   0.0 | 17759
               +---------+---------+-------+---------+---------+-------+---------
           D:1 |       0 |      29 |   0.0 |       0 |      17 |   0.0 |   917
           D:2 |       0 |      71 |   0.0 |       0 |      22 |   0.0 |  1270
           D:3 |       0 |     311 |   0.0 |       0 |      34 |   0.0 |  1880
           D:4 |       0 |     844 |   0.0 |       0 |      27 |   0.0 |  1522
           D:5 |       0 |     725 |   0.0 |       0 |      13 |   0.0 |   980
           D:6 |       0 |     973 |   0.0 |       0 |      31 |   0.0 |  1279
           D:7 |       0 |    1903 |   0.0 |       0 |      36 |   0.0 |  1488
           D:8 |       0 |    1401 |   0.0 |       0 |      29 |   0.0 |   804
           D:9 |       0 |    4270 |   0.0 |       0 |      23 |   0.0 |  1048
          D:10 |       0 |    2109 |   0.0 |       0 |      17 |   0.0 |   826
          D:11 |       0 |    9153 |   0.0 |       0 |      67 |   0.0 |  1780
          D:12 |       0 |    9744 |   0.0 |       0 |      55 |   0.0 |  1184
          D:13 |       0 |     894 |   0.0 |       0 |       1 |   0.0 |    72
        Lair:1 |       0 |    4373 |   0.0 |       0 |      21 |   0.0 |   611
        Lair:2 |       0 |    3444 |   0.0 |       0 |      15 |   0.0 |   845
        Lair:3 |       0 |    4149 |   0.0 |       0 |      31 |   0.0 |   723
         IceCv |       0 |    3089 |   0.0 |       0 |      11 |   0.0 |   530
               +---------+---------+-------+---------+---------+-------+---------
